 Dungeon Crawl Stone Soup version 0.31-a0-210-gccc998df9b (webtiles) character file.

Game seed: 4634297425669121574

1952 qw the Skirmisher (level 8, -5/71 HPs)
             Began as a Minotaur Hexslinger on June 29, 2023.
             Slain by Pikel
             ... wielding a +1 whip of electrocution
              (10 damage)
             ... on level 7 of the Dungeon.
             The game lasted 00:02:24 (5242 turns).

qw the Skirmisher (Minotaur Hexslinger)             Turns: 5242, Time: 00:02:24

Health: -5/71      AC:  8    Str: 19    XL:     8   Next: 99%
Magic:  0/8        EV: 13    Int:  8    God:
Gold:   349        SH:  0    Dex: 15    Spells: 8/9 levels left

rFire   . . .        Y - +2 orcbow
rCold   . . .        (shield currently unavailable)
rNeg    . . .        q - +0 steam dragon scales
rPois   .            (helmet restricted)
rElec   .            (no cloak)
rCorr   .            c - +0 pair of gloves
SInv    .            j - +1 pair of boots
Will    .....        b - amulet of guardian spirit
Stlth   +            o - +6 ring of strength
HPRegen 0.31/turn    (no ring)
MPRegen 0.11/turn

%: guardian spirit
@: about to teleport
A: horns 2, retaliatory headbutt, dopey 1
a: no special abilities


You were on level 7 of the Dungeon.
You visited 1 branch of the dungeon, and saw 7 of its levels.

You collected 349 gold pieces.


Innate Abilities, Weirdness & Mutations

You have a pair of horns on your head.
You reflexively headbutt those who attack you in melee.
You are dopey. (Int -2)


   Skills:
 + Level 6.4 Fighting
 - Level 10.7 Ranged Weapons
 - Level 2.1 Armour
 - Level 4.2 Dodging
 - Level 1.0 Spellcasting
 - Level 2.0 Hexes


You had 8 spell levels left.
You knew the following spells:

 Your Spells              Type           Power      Damage    Failure   Level
a - Slow                  Hex            12%        N/A       17%         1

Your spell library contained the following spells:

 Spells                   Type           Power      Damage    Failure   Level
 Inner Flame              Hex/Fire       2%         N/A       61%         3
 Portal Projectile        Hex/Tloc       4%         N/A       61%         3
 Cause Fear               Hex            1%         N/A       86%         4

Inventory:

Hand Weapons
 Y - a +2 orcbow (weapon)
Armour
 c - a +0 pair of gloves (worn)
 h - a +1 robe of fire resistance
 j - a +1 pair of boots (worn)
 q - +0 steam dragon scales (worn)
Jewellery
 b - an amulet of guardian spirit (around neck)
 o - a +6 ring of strength (left hand)
Scrolls
 f - 2 scrolls of teleportation
 i - a scroll of identify
Potions
 a - a potion of resistance
 d - 2 potions of mutation
 e - a potion of curing
 l - 3 potions of enlightenment
 m - a potion of might
 n - a potion of brilliance {unknown}

Dungeon Overview and Level Annotations

Branches:
Dungeon (7/15)
 Temple: D:4-7

Altars:
Cheibriados
Gozag
Wu Jian
Yredelemnul

Annotations:
D:7 Pikel


Message History

You shoot an arrow. The arrow hits the lemure!
You kill the lemure!
That felt strangely unrewarding.
You hear a shout!
Pikel hits you but does no damage.
You shoot an arrow. The arrow hits Pikel.
Pikel is moderately wounded.
Pikel hits you with a +1 whip of electrocution.
You are electrocuted!
The lemure closely misses you.
You shoot an arrow. The arrow hits Pikel.
Pikel is heavily wounded.
The lemure hits you!
Pikel drinks a potion.
Pikel is healed!
You shoot an arrow. The arrow hits Pikel!
Pikel is heavily wounded.
Pikel hits you with a +1 whip of electrocution.
The lemure closely misses you.
You shoot an arrow.
The arrow hits Pikel but does no damage.
Pikel is heavily wounded.
The lemure hits you!
A lemure comes into view.
Pikel hits you but does no damage.
The lemure shouts!
5239 ||| READING 3 scrolls of teleportation.
As you read the scroll of teleportation, it crumbles to dust.
You feel strangely unstable.
Pikel hits you with a +1 whip of electrocution.
The lemure hits you.
You shoot an arrow. The arrow hits Pikel!
Pikel is severely wounded.
Pikel drinks a potion.
Pikel is healed!
The lemure hits you but does no damage.
You shoot an arrow. The arrow hits Pikel!
Pikel is severely wounded.
Pikel misses you. The lemure hits you.
You shoot an arrow.
The arrow hits Pikel but does no damage.
Pikel is severely wounded.
Pikel hits you with a +1 whip of electrocution.
You are electrocuted!
You die...

# # .# #
#.########.#.# ###
#.#.......\..###
....#
#.......<.......
#...###.........####
#.>.5@Kl........#
#######.........#
#####.........#
#.............#
#......########
#......# #......#
#......# ########


You could see a komodo dragon, Pikel and a lemure.

Vanquished Creatures
  Maggie (D:6)
  Grinder (D:4)
  A black bear (D:5)
  An orc warrior (D:7)
  An ice beast (D:5)
  An ogre (D:5)
  A phantom (D:6)
  A lemure (D:7)
  A bullfrog (D:4)
  A scorpion (D:4)
  3 wights (D:6)
  A howler monkey (D:6)
  3 hounds
  2 orc priests
  2 jellies
  8 iguanas
  3 orc wizards (D:5)
  4 gnolls
  7 adders
  2 ufetubi
  4 worms
  2 dart slugs
  15 orcs
  9 ball pythons
  7 endoplasms
  2 giant cockroaches
  8 goblins
  5 hobgoblins
  2 jackals (D:1)
  6 quokkas
  4 bats (D:1)
  4 frilled lizards
  10 kobolds
  7 rats
130 creatures vanquished.

Vanquished Creatures (others)
  An adder (D:5)
1 creature vanquished.

Grand Total: 131 creatures vanquished

Notes
Turn   | Place    | Note
-------+----------+-------------------------------------------
     0 | D:1      | qw the Minotaur Hexslinger began the quest for the Orb.
     0 | D:1      | Reached XP level 1. HP: 16/16 MP: 1/1
     0 | D:1      | 0 ||| qw: Version: 0.3-a-24-g62f9e04
     0 | D:1      | 0 ||| qw: Game counter: 6689
     0 | D:1      | 0 ||| qw: Melee chars always use a shield: true
     0 | D:1      | 0 ||| qw: God list: Okawaru
     0 | D:1      | 0 ||| qw: Allow faded altars: false
     0 | D:1      | 0 ||| qw: Do Orc after clearing Dungeon:15 true
     0 | D:1      | 0 ||| qw: Do second Lair branch before Depths: true
     0 | D:1      | 0 ||| qw: Lair rune preference: random
     0 | D:1      | 0 ||| qw: Goals: Normal
     0 | D:1      | 0 ||| PLANNING D:1-11
   286 | D:1      | Reached skill level 3 in Ranged Weapons
   304 | D:1      | Reached XP level 2. HP: 23/23 MP: 2/2
   652 | D:1      | 652 ||| UPGRADING to +0 pair of boots.
   657 | D:1      | 657 ||| UPGRADING to +0 ring mail.
   667 | D:1      | 667 ||| DROPPING +0 robe.
   668 | D:1      | 668 ||| READING scroll labelled MEH IPLY DYOM.
   669 | D:1      | 669 ||| READING scroll labelled SANIOZ MALYIRCH.
   670 | D:1      | 670 ||| READING scroll labelled OCIMUKH XEGA.
   671 | D:1      | 671 ||| READING scroll labelled DUAPSA WATHREXA.
   672 | D:1      | 672 ||| DRINKING 3 smoky sapphire potions.
   672 | D:1      | Gained mutation: You are dopey. (Int -2) [potion of
                  | mutation]
   673 | D:1      | 673 ||| DROPPING scroll of poison.
   703 | D:2      | 703 ||| STAIRDANCE
   706 | D:1      | Reached XP level 3. HP: 21/29 MP: 3/3
   940 | D:2      | Reached skill level 4 in Ranged Weapons
  1155 | D:2      | Reached skill level 1 in Armour
  1210 | D:2      | Found an ornate altar of the Wu Jian Council.
  1284 | D:2      | 1284 ||| READING scroll labelled VIXTEK VUWI OTWINK.
  1385 | D:2      | 1385 ||| READING scroll labelled IDWAICHARUF.
  1386 | D:2      | 1386 ||| READING scroll labelled WUVVEL KEOQA.
  1391 | D:2      | 1391 ||| READING scroll labelled KALACH DOMOQ.
  1392 | D:2      | 1392 ||| DRINKING 2 cyan potions.
  1393 | D:2      | 1393 ||| DROPPING potion of magic.
  1459 | D:3      | Found a basalt altar of Yredelemnul.
  1486 | D:3      | Found an opulent altar of Gozag.
  1563 | D:3      | Reached XP level 4. HP: 36/36 MP: 4/4
  1571 | D:3      | Found a faded altar of an unknown god.
  1712 | D:3      | 1712 ||| SWAPPING to +0 orcbow.
  1713 | D:3      | 1713 ||| DROPPING +2 sling.
  1869 | D:3      | 1869 ||| UPGRADING to +1 robe of fire resistance.
  1879 | D:3      | 1879 ||| READING scroll labelled ADGHIP QE BINT.
  1880 | D:3      | 1880 ||| READING scroll labelled HOYN DACUN.
  1881 | D:3      | 1881 ||| DRINKING 2 bubbling golden potions.
  1882 | D:3      | 1882 ||| READING 2 scrolls of identify.
  1882 | D:3      | 1882 ||| IDENTIFYING smoky golden potion
  1883 | D:3      | 1883 ||| DROPPING potion of berserk rage.
  1903 | D:4      | Noticed a bullfrog
  1911 | D:4      | 1911 ||| STAIRDANCE
  1911 | D:4      | Killed a bullfrog
  1912 | D:4      | Reached skill level 5 in Ranged Weapons
  1912 | D:4      | Reached XP level 5. HP: 29/41 MP: 5/5
  1970 | D:4      | 1970 ||| STAIRDANCE
  2075 | D:4      | Reached skill level 3 in Fighting
  2172 | D:4      | Found a snail-covered altar of Cheibriados.
  2245 | D:4      | 2245 ||| READING scroll of enchant armour.
  2245 | D:4      | 2245 ||| ENCHANTING +0 pair of boots.
  2519 | D:4      | Reached skill level 6 in Ranged Weapons
  2519 | D:4      | Reached XP level 6. HP: 51/51 MP: 6/6
  2521 | D:4      | Noticed Grinder
  2526 | D:4      | Paralysed by Grinder for 2 turns
  2535 | D:4      | Killed Grinder
  2787 | D:4      | 2787 ||| DROPPING amulet of magic regeneration.
  2788 | D:4      | 2788 ||| READING scroll labelled TABUATWUMM.
  2801 | D:5      | Entered Level 5 of the Dungeon
  2887 | D:5      | 2887 ||| FLEEEEING.
  2889 | D:5      | 2889 ||| Stepping ~*~*~tactically~*~*~ (outnumbered).
  2895 | D:5      | Reached XP level 7. HP: 51/61 MP: 7/7
  2986 | D:5      | 2986 ||| Stepping ~*~*~tactically~*~*~ (outnumbered).
  2989 | D:5      | 2989 ||| Stepping ~*~*~tactically~*~*~ (outnumbered).
  2999 | D:5      | Reached skill level 7 in Ranged Weapons
  3259 | D:5      | Reached skill level 8 in Ranged Weapons
  3485 | D:5      | Reached skill level 3 in Dodging
  3519 | D:5      | Reached XP level 8. HP: 40/69 MP: 8/8
  3519 | D:5      | 3519 ||| FLEEEEING.
  3520 | D:5      | 3520 ||| FLEEEEING.
  3521 | D:5      | 3521 ||| FLEEEEING.
  3522 | D:5      | 3522 ||| FLEEEEING.
  3523 | D:5      | 3523 ||| FLEEEEING.
  3524 | D:5      | 3524 ||| FLEEEEING.
  3525 | D:5      | 3525 ||| FLEEEEING.
  3526 | D:5      | 3526 ||| FLEEEEING.
  3527 | D:5      | 3527 ||| FLEEEEING.
  3528 | D:5      | 3528 ||| FLEEEEING.
  3529 | D:5      | 3529 ||| FLEEEEING.
  3530 | D:5      | 3530 ||| FLEEEEING.
  3532 | D:5      | 3532 ||| FLEEEEING.
  3533 | D:5      | 3533 ||| FLEEEEING.
  3534 | D:5      | 3534 ||| FLEEEEING.
  3535 | D:5      | 3535 ||| FLEEEEING.
  3536 | D:5      | 3536 ||| FLEEEEING.
  3537 | D:5      | 3537 ||| FLEEEEING.
  3538 | D:5      | 3538 ||| FLEEEEING.
  3539 | D:5      | 3539 ||| FLEEEEING.
  3540 | D:5      | 3540 ||| FLEEEEING.
  3541 | D:5      | 3541 ||| FLEEEEING.
  3542 | D:5      | 3542 ||| FLEEEEING.
  3543 | D:5      | 3543 ||| FLEEEEING.
  3544 | D:5      | 3544 ||| FLEEEEING.
  3545 | D:5      | 3545 ||| FLEEEEING.
  3546 | D:5      | 3546 ||| FLEEEEING.
  3547 | D:5      | 3547 ||| FLEEEEING.
  3548 | D:5      | 3548 ||| FLEEEEING.
  3549 | D:5      | 3549 ||| FLEEEEING.
  3550 | D:5      | 3550 ||| FLEEEEING.
  3551 | D:5      | 3551 ||| FLEEEEING.
  3553 | D:5      | 3553 ||| FLEEEEING.
  3554 | D:5      | 3554 ||| FLEEEEING.
  3555 | D:5      | 3555 ||| FLEEEEING.
  3556 | D:5      | 3556 ||| FLEEEEING.
  3557 | D:5      | 3557 ||| FLEEEEING.
  3558 | D:5      | 3558 ||| FLEEEEING.
  3559 | D:5      | 3559 ||| FLEEEEING.
  3560 | D:5      | 3560 ||| FLEEEEING.
  3561 | D:5      | 3561 ||| FLEEEEING.
  3562 | D:5      | 3562 ||| FLEEEEING.
  3563 | D:5      | 3563 ||| FLEEEEING.
  3564 | D:5      | 3564 ||| FLEEEEING.
  3565 | D:5      | 3565 ||| FLEEEEING.
  3566 | D:5      | 3566 ||| FLEEEEING.
  3567 | D:5      | 3567 ||| FLEEEEING.
  3568 | D:5      | 3568 ||| STAIRDANCE
  3612 | D:4      | 3612 ||| UPGRADING to amulet of guardian spirit.
  3617 | D:4      | 3617 ||| DRINKING 2 bubbling dark potions.
  3652 | D:4      | 3652 ||| DRINKING 2 murky amethyst potions.
  3653 | D:4      | 3653 ||| DRINKING 2 metallic amethyst potions.
  3654 | D:4      | 3654 ||| DROPPING potion of lignification.
  3658 | D:5      | 3658 ||| STAIRDANCE
  3986 | D:6      | 3986 ||| PLANNING SEWER
  3989 | D:6      | 3989 ||| STAIRDANCE
  4000 | D:5      | Reached skill level 9 in Ranged Weapons
  4180 | D:6      | Reached skill level 6 in Fighting
  4467 | D:6      | 4467 ||| Stepping ~*~*~tactically~*~*~ (outnumbered).
  4526 | D:6      | Noticed Maggie
  4558 | D:6      | HP: 16/70 [Maggie/bolt of fire (6)]
  4559 | D:6      | 4559 ||| READING 4 scrolls of teleportation.
  4560 | D:6      | 4560 ||| DRINKING potion of heal wounds.
  4697 | D:6      | 4697 ||| RIP SEWER
  4700 | D:6      | 4700 ||| PLANNING D:1-11
  4708 | D:6      | Killed Maggie
  4709 | D:6      | Reached skill level 10 in Ranged Weapons
  4834 | D:6      | 4834 ||| READING 2 scrolls of enchant weapon.
  4834 | D:6      | 4834 ||| ENCHANTING +0 orcbow.
  4835 | D:6      | 4835 ||| READING scroll of enchant weapon.
  4835 | D:6      | 4835 ||| ENCHANTING +1 orcbow.
  5128 | D:6      | 5128 ||| UPGRADING to +0 pair of gloves.
  5133 | D:6      | 5133 ||| DROPPING +1 robe of willpower.
  5134 | D:6      | 5134 ||| DROPPING +0 ring mail.
  5135 | D:6      | 5135 ||| UPGRADING to +0 steam dragon scales.
  5145 | D:6      | 5145 ||| UPGRADING to +6 ring of strength.
  5146 | D:6      | 5146 ||| READING scroll labelled GOBRIN SEASS.
  5147 | D:6      | 5147 ||| DRINKING 2 pink potions.
  5148 | D:6      | 5148 ||| READING 2 scrolls of identify.
  5148 | D:6      | 5148 ||| IDENTIFYING fizzy white potion
  5224 | D:7      | Noticed a komodo dragon
  5229 | D:7      | Noticed Pikel
  5238 | D:7      | HP: 13/71 [lemure[Pikel] (7)]
  5239 | D:7      | 5239 ||| READING 3 scrolls of teleportation.
  5241 | D:7      | HP: 6/71 [lemure[Pikel] (3)]
  5242 | D:7      | Slain by Pikel

Levels and vault maps discovered:
D:1:      heliophobic_arrival_henge, layout_loops_ring
D:2:      layout_rooms, basic_altar, nrook_mini_vaults, roderic_serpentine_path,
          minmay_misc_feat_iff
D:3:      layout_basic, grunt_temple_overflow_open,
          hellmonk_ecumenical_altar_lost_god
D:4:      layout_gridville, kennysheep_slug_shrine, uniq_grinder
D:5:      layout_loops_cross, lemuel_flamethrower_2
D:6:      layout_loops_cross, gup_sewer_entry_bowl, uniq_maggie
D:7:      layout_basic, mainiacjoe_overflow_cross_hatched,
          minmay_temple_entry_arrows, abandoned_shop, uniq_pikel

Skill      XL: |  1  2  3  4  5  6  7  8 |
---------------+-------------------------+-----
Ranged Weapons | 3 4 5 6 8 10 | 10.7
Fighting       | 2 3 5 6 |  6.4
Armour         | 1 2 |  2.1
Dodging        | 3 4 |  4.2
Spellcasting   | |  1.0
Hexes          | |  2.0

Action                     |  1- 3 |  4- 6 |  7- 9 || total
---------------------------+-------+-------+-------++-------
   Fire: Sling             |   153 |    22 |       ||   175
         Orcbow            |       |    98 |   229 ||   327
    Use: Scroll            |     8 |     5 |     6 ||    19
         Potion            |     2 |     1 |     5 ||     8
 Armour: Robe              |     6 |    10 |    12 ||    28
         Ring mail         |    15 |     7 |       ||    22
         Steam dragon scal |       |       |     4 ||     4
  Dodge: Dodged            |    47 |    45 |    87 ||   179

Table legend:
 A = Non-vault XP
 B = Vault XP
 C = Vault XP percentage of total XP
 D = Non-vault monster count
 E = Vault monster count
 F = Vault count percentage of total count
                 A         B        C        D         E       F
            +---------+---------+-------+---------+---------+-------
      Total |    2086 |     703 |  25.2 |     123 |       6 |   4.7
            +---------+---------+-------+---------+---------+-------
        D:1 |      41 |       0 |   0.0 |      19 |       0 |   0.0
        D:2 |      40 |       0 |   0.0 |      21 |       0 |   0.0
        D:3 |      91 |       0 |   0.0 |      22 |       0 |   0.0
        D:4 |     267 |     294 |  52.4 |      20 |       2 |   9.1
        D:5 |     799 |       0 |   0.0 |      24 |       0 |   0.0
        D:6 |     580 |     409 |  41.4 |      11 |       4 |  26.7
        D:7 |     268 |       0 |   0.0 |       6 |       0 |   0.0
            +---------+---------+-------+---------+---------+-------
